[Event "Titled Tuesday Blitz September 27 Early 2022"]
[White "Ljukin, Sergei"]
[Black "Aizpurua, Patrick Emilio"]
[WhiteFideId "14102200"]
[BlackFideId "6600522"]
[WhiteElo "2312"]
[BlackElo "2378"]
[Result "0-1"]
[Round "10"]
[TimeControl "180+1"]
[Date "2022.09.27"]
[WhiteClock "0:00:54"]
[BlackClock "0:01:04"]

1. e4 d6 2. d4 Nf6 3. Nc3 Nbd7 4. f4 c6 5. e5 Nd5 6. Nxd5 cxd5 7. Nf3 e6 8. Bd3 Be7 9. O-O Qb6 10. Kh1 g6 11. b3 Nb8 12. c4 dxc4 13. bxc4 dxe5 14. fxe5 Qa5 15. Bh6 Nc6 16. d5 exd5 17. cxd5 Qxd5 18. Ng5 Bxg5 19. Bxg5 O-O 20. Bf6 Nxe5 21. Qd2 Ng4 22. Bb2 Rd8 23. Qc3 Qe5 24. Qb3 Qxh2# 0-1


[Site "https://www.chess.com"]

[Event "Titled Tuesday Blitz September 27 Early 2022"]
[White "Luxama, Jacques Muller"]
[Black "Quispe Santacruz, Javier"]
[WhiteFideId "11900113"]
[BlackFideId "3800920"]
[WhiteElo "1931"]
[BlackElo "1930"]
[Result "1-0"]
[Round "10"]
[TimeControl "180+1"]
[Date "2022.09.27"]
[WhiteClock "0:00:01"]
[BlackClock "0:00:02"]

1. e4 e5 2. Nf3 Nc6 3. Bb5 a6 4. Ba4 Nf6 5. O-O Be7 6. c3 b5 7. Bb3 O-O 8. d4 d6 9. h3 Bb7 10. Re1 Na5 11. Bc2 Re8 12. dxe5 dxe5 13. Qxd8 Raxd8 14. Nxe5 Bd6 15. Nf3 Nxe4 16. Bxe4 Bxe4 17. Nbd2 Bb7 18. Rxe8+ Rxe8 19. Kf1 Re6 20. Nd4 Rf6 21. a4 Bc5 22. N2f3 b4 23. Be3 Nc4 24. Bc1 a5 25. Ke2 Kf8 26. b3 Nd6 27. c4 Ne4 28. Bb2 Rd6 29. Rd1 g6 30. Ba1 Nc3+ 31. Bxc3 bxc3 32. Rc1 Bxd4 33. Nxd4 Rxd4 34. Rxc3 Ke7 35. f3 Kd6 36. Ke3 Kc5 37. g4 g5 38. Rc1 Rf4 39. Rf1 Kb4 40. h4 1-0


[Site "https://www.chess.com"]

[Event "Titled Tuesday Blitz September 27 Early 2022"]
[White "Machidon, Cristi"]
[Black "Cnejev, Vladimir-Alexandru"]
[WhiteFideId "13904590"]
[BlackFideId "1260898"]
[WhiteElo "2312"]
[BlackElo "1983"]
[Result "1-0"]
[Round "10"]
[TimeControl "180+1"]
[Date "2022.09.27"]
[WhiteClock "0:00:06"]
[BlackClock "0:00:02"]

1. d4 d5 2. c4 e6 3. Nc3 Nf6 4. cxd5 exd5 5. Bg5 Be7 6. e3 c6 7. Bd3 Nbd7 8. Qc2 Nh5 9. Bxe7 Qxe7 10. Nge2 Nb6 11. O-O g6 12. Rab1 O-O 13. b4 a6 14. a4 Be6 15. Rfc1 Rfd8 16. b5 cxb5 17. axb5 a5 18. Na4 Rdc8 19. Qb3 Nxa4 20. Qxa4 b6 21. Rc6 Rab8 22. Rbc1 Bd7 23. Rc7 Rxc7 24. Rxc7 Bxb5 25. Rxe7 Bxa4 26. Nc3 Bb3 27. g4 Kf8 28. Rc7 Ng7 29. Rd7 Ne6 30. Bb5 Rd8 31. Rb7 Rd6 32. Kg2 g5 33. Kg3 h6 34. Bd7 Nd8 35. Ra7 Bc4 36. Nb5 Bxb5 37. Bxb5 Kg7 38. h4 Kf6 39. hxg5+ hxg5 40. f3 Ke6 41. Ra8 Nc6 42. Rg8 f6 43. Rh8 Ne7 44. Re8 Kf7 45. Rb8 Ke6 46. Kf2 Kf7 47. Ke2 Nc6 48. Rc8 Nb4 49. Rc7+ Ke6 50. Kd2 Rd8 51. Kc3 Rd6 52. Ba4 Rd8 53. Rb7 Rd6 54. e4 dxe4 55. fxe4 Rd8 56. Bb3+ Kd6 57. Rxb6+ Kc7 58. Rxf6 Rd6 59. Rf7+ Kb6 60. Rf5 Rc6+ 61. Bc4 a4 62. Rb5+ Ka6 63. Rxb4+ 1-0


[Site "https://www.chess.com"]

[Event "Titled Tuesday Blitz September 27 Early 2022"]
[White "Makhnev, Denis"]
[Black "Mirzoev, Azer"]
[WhiteFideId "13707647"]
[BlackFideId "13400304"]
[WhiteElo "2486"]
[BlackElo "2525"]
[Result "1/2-1/2"]
[Round "10"]
[TimeControl "180+1"]
[Date "2022.09.27"]
[WhiteClock "0:00:04"]
[BlackClock "0:00:09"]

1. d4 d5 2. c4 c6 3. Nf3 Nf6 4. Qb3 Qb6 5. Nc3 Qxb3 6. axb3 e6 7. c5 Na6 8. e3 Nc7 9. b4 a6 10. Bd3 Be7 11. Ne5 Nd7 12. f4 Nxe5 13. dxe5 f6 14. O-O O-O 15. Bd2 Bd7 16. Ne2 fxe5 17. fxe5 Rxf1+ 18. Rxf1 Rf8 19. Rxf8+ Bxf8 20. h4 Be7 21. g3 Be8 22. Kg2 Bg6 23. Bxg6 hxg6 24. Kf3 Nb5 25. e4 Kf7 26. Be3 Nc7 27. Nd4 dxe4+ 28. Kxe4 Nd5 29. Bd2 Bd8 30. Kd3 Bc7 31. Nf3 Ke8 32. Kc4 Kf7 33. Bf4 Ke8 34. Ng5 Kd7 35. Nf3 Ke8 36. Bd2 Ke7 37. Kd4 Kf7 38. Ng5+ Ke7 39. Ne4 Kd7 40. g4 Ke7 41. Nd6 b5 42. cxb6 Bxb6+ 43. Ke4 Bf2 44. h5 gxh5 45. gxh5 Kd7 46. Nb7 Kc7 47. Nc5 Bxc5 48. bxc5 Kd7 49. Kd3 Ne7 50. Kc4 Nf5 51. Bf4 Kc7 52. Kc3 Kd7 53. Kb4 Kc7 54. b3 Kb7 55. Kc3 Kc7 56. Kd3 Kd7 57. Ke2 Ke7 58. Kd3 Kd7 59. Ke4 Ke7 60. Bg5+ Kd7 61. Kf4 Ke8 62. Ke4 Kd7 63. Bf4 Ke8 64. Kd3 Kd7 1/2-1/2


[Site "https://www.chess.com"]

[Event "Titled Tuesday Blitz September 27 Early 2022"]
[White "Maltsevskaya, Aleksandra"]
[Black "Samunenkov, Ihor"]
[WhiteFideId "24174041"]
[BlackFideId "14187086"]
[WhiteElo "2243"]
[BlackElo "2441"]
[Result "0-1"]
[Round "10"]
[TimeControl "180+1"]
[Date "2022.09.27"]
[WhiteClock "0:00:01"]
[BlackClock "0:00:05"]

1. e4 c6 2. Nc3 d5 3. d4 dxe4 4. Nxe4 Bf5 5. Ng3 Bg6 6. h4 h6 7. Nf3 e6 8. h5 Bh7 9. Bd3 Bxd3 10. Qxd3 Nf6 11. Bf4 Bd6 12. Ne5 Bxe5 13. Bxe5 Nbd7 14. Bd6 Qa5+ 15. c3 O-O-O 16. Be7 Rde8 17. Bb4 Qg5 18. O-O Rhg8 19. a4 g6 20. a5 a6 21. f4 Qg4 22. hxg6 Rxg6 23. Rf3 h5 24. f5 Rg7 25. fxe6 fxe6 26. Qe2 h4 27. Nf1 Reg8 28. Rf2 Ne4 29. Qxg4 Rxg4 30. Re2 h3 31. Ne3 R4g6 32. Rae1 h2+ 33. Kxh2 Ng3 34. Nf1 Rh8+ 35. Kg1 Rh1+ 36. Kf2 Nxe2 37. Kxe2 Rxg2+ 38. Kf3 Rxb2 39. Ne3 Rxe1 0-1


[Site "https://www.chess.com"]

[Event "Titled Tuesday Blitz September 27 Early 2022"]
[White "Malyi, Viacheslav"]
[Black "Avazkhonov, Alikhon"]
[WhiteFideId "14123983"]
[BlackFideId "14208504"]
[WhiteElo "2190"]
[BlackElo "1739"]
[Result "1-0"]
[Round "10"]
[TimeControl "180+1"]
[Date "2022.09.27"]
[WhiteClock "0:00:14"]
[BlackClock "0:00:04"]

1. e4 c5 2. Nf3 d6 3. d4 cxd4 4. Nxd4 Nf6 5. Nc3 a6 6. Rg1 e5 7. Nb3 Be6 8. g4 b5 9. g5 Nfd7 10. Be3 Nc6 11. Nd5 Nc5 12. f3 Be7 13. Qd2 O-O 14. O-O-O Bxd5 15. Qxd5 Nb4 16. Qd2 Nxb3+ 17. cxb3 d5 18. exd5 Rc8+ 19. Kb1 Rc2 20. Qe1 Qc7 21. Rc1 Rc8 22. Bh3 Nd3 23. Bxc8 Nxe1 24. Rgxe1 Rxc1+ 25. Rxc1 Qd6 26. Bb7 g6 27. a3 Qd7 28. Bc6 Qf5+ 29. Ka2 Bd6 30. Bc5 Bxc5 31. Rxc5 Qd3 32. Rc3 Qd4 33. Bb7 Kf8 34. Rc7 a5 35. Bc6 a4 36. bxa4 bxa4 37. Rc8+ Ke7 38. Re8+ Kd6 39. Rd8+ Kc7 40. Rd7+ Kb6 41. Rb7+ Kc5 42. Rb4 Qe3 43. Rb5+ Kd6 44. Rb7 Qxf3 45. Rd7+ Kc5 46. Rb7 Qd3 47. Rb5+ Qxb5 48. Bxb5 Kxb5 49. b3 axb3+ 50. Kxb3 Kc5 51. a4 Kxd5 52. a5 Kc5 53. Kc3 Kb5 54. Kd3 Kxa5 55. Ke4 Kb6 56. Kxe5 Kc5 57. Kf6 Kd5 58. Kxf7 Ke5 59. Kg7 Kf5 60. h4 Kg4 61. Kxh7 Kh5 62. Kg7 Kxh4 63. Kxg6 Kg4 64. Kh6 Kf5 65. g6 Kf6 66. Kh7 1-0


[Site "https://www.chess.com"]

[Event "Titled Tuesday Blitz September 27 Early 2022"]
[White "Martin Duque, Jesus"]
[Black "Umarov, Sabir"]
[WhiteFideId "2208954"]
[BlackFideId "14200538"]
[WhiteElo "2258"]
[BlackElo "2440"]
[Result "1-0"]
[Round "10"]
[TimeControl "180+1"]
[Date "2022.09.27"]
[WhiteClock "0:01:25"]
[BlackClock "0:00:10"]

1. Nf3 g6 2. d4 Bg7 3. e3 c6 4. Be2 d6 5. O-O f5 6. c4 Nf6 7. Nc3 O-O 8. b3 Qe8 9. Ba3 h6 10. Qc2 g5 11. Bd3 f4 12. exf4 gxf4 13. Rfe1 Bg4 14. Bg6 Qd7 15. Nh4 Na6 16. Nf5 Rae8 17. Bxe8 Qxf5 18. Qxf5 Bxf5 19. Rxe7 Rxe8 20. Bxd6 Rxe7 21. Bxe7 Ne4 22. Nxe4 Bxe4 23. Re1 Bf5 24. d5 Kf7 25. d6 Nc5 26. h3 Nd3 27. Rd1 Bd4 28. Rd2 Bc5 29. Kf1 Ke6 30. Bf8 Bxd6 31. Bxd6 Kxd6 32. Ke2 Kc5 33. Rxd3 Bxd3+ 34. Kxd3 Kb4 35. g4 fxg3 36. fxg3 Ka3 37. g4 Kxa2 38. b4 Kb3 39. h4 1-0


[Site "https://www.chess.com"]

[Event "Titled Tuesday Blitz September 27 Early 2022"]
[White "Martin, Lewis"]
[Black "Ismayil, Malak"]
[WhiteFideId "410551"]
[BlackFideId "13412604"]
[WhiteElo "2145"]
[BlackElo "1879"]
[Result "1-0"]
[Round "10"]
[TimeControl "180+1"]
[Date "2022.09.27"]
[WhiteClock "0:00:35"]
[BlackClock "0:00:02"]

1. e4 e5 2. Nf3 Nc6 3. Bb5 a6 4. Ba4 Nf6 5. O-O b5 6. Bb3 Be7 7. a4 Rb8 8. axb5 axb5 9. Re1 O-O 10. d3 d6 11. h3 h6 12. Nbd2 Be6 13. c3 Qd7 14. Nf1 b4 15. Bxe6 fxe6 16. d4 exd4 17. cxd4 Qe8 18. Ng3 Qg6 19. Qb3 Qf7 20. Ra6 Nd8 21. Ra7 c5 22. dxc5 dxc5 23. Ne5 Qe8 24. Nf5 Nd5 25. Nxh6+ gxh6 26. exd5 Rf6 27. Qg3+ Kh8 28. Nd7 Rc8 29. Nxf6 Bxf6 30. Bxh6 Nf7 31. Qg6 1-0


[Site "https://www.chess.com"]

[Event "Titled Tuesday Blitz September 27 Early 2022"]
[White "Matveeva, Olga"]
[Black "Antonova, Nadezhda"]
[WhiteFideId "24107018"]
[BlackFideId "14700182"]
[WhiteElo "2056"]
[BlackElo "1805"]
[Result "1-0"]
[Round "10"]
[TimeControl "180+1"]
[Date "2022.09.27"]
[WhiteClock "0:00:12"]
[BlackClock "0:00:04"]

1. d4 Nf6 2. c4 g6 3. g3 Bg7 4. Bg2 O-O 5. Nf3 d6 6. O-O Nc6 7. Nc3 a6 8. Qd3 Nd7 9. e3 e5 10. d5 Ne7 11. b4 a5 12. Ba3 axb4 13. Bxb4 b6 14. a4 f5 15. e4 fxe4 16. Nxe4 Nf6 17. Nfg5 Nxe4 18. Bxe4 Bf5 19. Bxf5 Rxf5 20. Ne6 Qd7 21. a5 bxa5 22. Rxa5 Rxa5 23. Bxa5 c5 24. Rb1 h5 25. Rb8+ Kh7 26. h4 Qa7 27. Rb5 e4 28. Qxe4 Re5 29. Ng5+ Kg8 30. Qb1 Nf5 31. Rb8+ Bf8 32. Bc3 Nd4 33. Qxg6+ Qg7 34. Qxg7+ Kxg7 35. Ne6+ Rxe6 36. dxe6 Be7 37. f4 Kf6 38. Kf2 Kxe6 39. Bxd4 cxd4 40. Kf3 Bf6 41. Ke4 d3 42. Kxd3 Kf5 43. Rg8 Ke6 44. Ke4 1-0


[Site "https://www.chess.com"]

[Event "Titled Tuesday Blitz September 27 Early 2022"]
[White "Melikhov, Evgeny V."]
[Black "Sharifov, Mekhriddin"]
[WhiteFideId "4122046"]
[BlackFideId "14701545"]
[WhiteElo "1963"]
[BlackElo "1540"]
[Result "0-1"]
[Round "10"]
[TimeControl "180+1"]
[Date "2022.09.27"]
[WhiteClock "0:00:13"]
[BlackClock "0:00:53"]

1. d4 Nf6 2. c4 e6 3. Nc3 Bb4 4. Qc2 d5 5. cxd5 Qxd5 6. e3 O-O 7. Bd2 Bxc3 8. Bxc3 c5 9. dxc5 Qxc5 10. Rc1 Nc6 11. Bxf6 Qxc2 12. Rxc2 gxf6 13. a3 Bd7 14. Ne2 Ne5 15. Nc3 Bc6 16. h3 Rfd8 17. f4 Nd3+ 18. Bxd3 Rxd3 19. Ke2 Rad8 20. Rg1 h5 21. g3 Kf8 22. Rd1 Bb5 23. Ke1 Rxe3+ 24. Kf2 Rxd1 25. Kxe3 Rd3+ 26. Kf2 Bc6 27. Ne2 Rf3+ 28. Ke1 h4 29. gxh4 Rxh3 30. Nd4 Be4 31. Rc4 f5 32. Nb5 Rxh4 33. Nd6 Rxf4 34. Rc7 Rh4 35. Rxf7+ Kg8 36. Re7 Bd5 37. Nxb7 Rh7 38. Re8+ Kf7 39. Nd6+ Kf6 40. b4 f4 41. b5 Ke5 42. Rd8 f3 43. a4 Kd4 44. a5 Ke3 45. Nf5+ exf5 0-1


[Site "https://www.chess.com"]

[Event "Titled Tuesday Blitz September 27 Early 2022"]
[White "Mihailidis, Anastasios"]
[Black "Fernandez Hernandez, Gerardo"]
[WhiteFideId "4205588"]
[BlackFideId "2207400"]
[WhiteElo "2312"]
[BlackElo "2170"]
[Result "1-0"]
[Round "10"]
[TimeControl "180+1"]
[Date "2022.09.27"]
[WhiteClock "0:00:16"]
[BlackClock "0:00:01"]

1. e4 e6 2. d4 d5 3. Nd2 Nc6 4. c3 e5 5. exd5 Qxd5 6. dxe5 Nxe5 7. Ngf3 Nxf3+ 8. Qxf3 Qxf3 9. Nxf3 Nf6 10. Bf4 Nd5 11. Bg3 Bg4 12. O-O-O O-O-O 13. Bc4 c6 14. Bxd5 cxd5 15. Rd3 g6 16. Rhd1 Bh6+ 17. Kc2 Bf5 18. Ne5 Rhf8 19. Kb3 Bxd3 20. Nxd3 Rfe8 21. Ne5 Re7 22. Nd3 Re2 23. Ne5 Rd2 24. Rb1 Re8 25. Nxf7 Bg7 26. Nd6+ Kd7 27. Nxe8 Kxe8 28. Re1+ Kd7 29. h3 d4 30. a3 dxc3 31. bxc3 Rd3 32. Re3 Rd1 33. Kc2 Ra1 34. Kb2 Rd1 35. Kc2 Ra1 36. Bh4 Kc6 37. Re7 Bf8 38. Rxh7 Ra2+ 39. Kd3 Rxa3 40. Rf7 Bb4 41. Bf6 b5 42. Bd4 Bxc3 43. Bxc3 b4 44. Rf6+ Kc7 45. Rxg6 Rxc3+ 46. Kd2 a5 47. Ra6 Ra3 48. Kc2 1-0


[Site "https://www.chess.com"]

[Event "Titled Tuesday Blitz September 27 Early 2022"]
[White "Mikhailovsky, Vladimir"]
[Black "Al-Tarboush, Ward"]
[WhiteFideId "34105414"]
[BlackFideId "7601450"]
[WhiteElo "2297"]
[BlackElo "2234"]
[Result "1-0"]
[Round "10"]
[TimeControl "180+1"]
[Date "2022.09.27"]
[WhiteClock "0:00:11"]
[BlackClock "0:00:02"]

1. e4 c5 2. c3 Nf6 3. e5 Nd5 4. d4 cxd4 5. Nf3 Nc6 6. Bc4 Nb6 7. Bb3 dxc3 8. Nxc3 d6 9. exd6 Qxd6 10. Qe2 Bg4 11. Bxf7+ Kxf7 12. Ng5+ Ke8 13. Qxg4 Qe5+ 14. Be3 h5 15. Qf3 Qf6 16. Qe4 e5 17. O-O Bb4 18. Nb5 g6 19. Nc7+ Ke7 20. Bxb6 Qxg5 21. Nxa8 Rxa8 22. Be3 Qf5 23. Qc4 g5 24. Rad1 h4 25. h3 Rc8 26. Rd5 Bd6 27. Qb5 Rc7 28. Rfd1 Bb4 29. Bc5+ Bxc5 30. Qxc5+ Kf7 31. Re1 Re7 32. Rd6 Ke8 33. Qd5 Qf7 34. Qe4 Nd4 35. Rc1 Kf8 36. Rg6 Rc7 37. Re1 Re7 38. Rxg5 Qf6 39. Rxe5 Rd7 40. Re8+ Kg7 41. Re7+ Rxe7 42. Qxe7+ Qxe7 43. Rxe7+ Kf6 44. Rxb7 a5 45. Ra7 Ne2+ 46. Kf1 Nc1 47. Ra6+ Ke5 48. Rxa5+ Ke4 49. Ra3 Kd4 50. g3 hxg3 51. fxg3 1-0


[Site "https://www.chess.com"]

[Event "Titled Tuesday Blitz September 27 Early 2022"]
[White "Moaataz, Ayah"]
[Black "Pinheiro, Iung Alicio de O."]
[WhiteFideId "10615873"]
[BlackFideId "2104350"]
[WhiteElo "1993"]
[BlackElo "2283"]
[Result "1/2-1/2"]
[Round "10"]
[TimeControl "180+1"]
[Date "2022.09.27"]
[WhiteClock "0:01:11"]
[BlackClock "0:00:14"]

1. c4 e5 2. g3 Nc6 3. Bg2 Bc5 4. Nc3 a6 5. Nf3 d6 6. O-O Nge7 7. d3 O-O 8. a3 Ba7 9. b4 h6 10. Bb2 Be6 11. e3 Qd7 12. Rc1 Bh3 13. d4 exd4 14. Nxd4 Bxg2 15. Kxg2 Nxd4 16. exd4 Qc6+ 17. Qf3 Qxf3+ 18. Kxf3 Bxd4 19. Rc2 Rfe8 20. Nd5 Nxd5 21. Bxd4 Ne7 22. c5 Nc6 23. Be3 Rad8 24. Kg2 dxc5 25. Rxc5 Rd3 26. b5 axb5 27. Rxb5 Nd8 28. a4 Ra3 29. a5 Rd3 30. Rc1 c6 31. Rb4 Re7 32. Bb6 Ne6 33. Re4 Red7 34. a6 bxa6 35. Rxc6 R3d6 36. Rc8+ Kh7 37. Be3 Rd5 38. Ra4 R7d6 39. Ra8 Nc7 40. Ra7 Rc6 41. Bf4 Ne6 42. Rxf7 Nxf4+ 43. Rfxf4 a5 44. Rf7 Rg5 45. Ra7 Rcc5 46. h4 Rg6 47. R4xa5 Rxa5 48. Rxa5 Rf6 49. h5 Rf7 50. g4 Rf4 51. Kg3 Rf7 52. Ra6 Rb7 53. Rd6 Rb3+ 54. f3 Rb4 55. Rd7 Rb1 56. Kf4 Rb5 57. Re7 Ra5 58. Re5 Ra4+ 59. Kf5 Ra3 60. f4 Ra8 61. g5 hxg5 62. fxg5 g6+ 63. hxg6+ Kg7 64. Re7+ Kg8 65. Rb7 Ra5+ 66. Kg4 Ra1 67. g7 Ra4+ 68. Kh5 Ra6 69. g6 Ra1 70. Rd7 Rh1+ 71. Kg5 Rg1+ 72. Kf5 Rf1+ 73. Ke6 Rf6+ 74. Kxf6 1/2-1/2


[Site "https://www.chess.com"]

[Event "Titled Tuesday Blitz September 27 Early 2022"]
[White "Moreby, James"]
[Black "Harish, Neeraj"]
[WhiteFideId "427756"]
[BlackFideId "30958130"]
[WhiteElo "1873"]
[BlackElo "1574"]
[Result "1-0"]
[Round "10"]
[TimeControl "180+1"]
[Date "2022.09.27"]
[WhiteClock "0:02:13"]
[BlackClock "0:02:02"]

1. Nf3 d5 2. c4 e6 3. g3 Nf6 4. Bg2 Be7 5. O-O O-O 6. b3 c5 7. Bb2 Nc6 8. e3 d4 9. exd4 cxd4 10. d3 e5 11. Re1 Nd7 12. Nbd2 f6 13. a3 Nb6 14. b4 Be6 15. Nb3 Bf7 16. Rc1 a6 17. Nfd2 Rc8 18. Ne4 a5 19. b5 Nb8 20. Nxa5 N8d7 21. Nxb7 Qc7 22. Na5 Nc5 23. Nxc5 Bxc5 24. Nb7 Rb8 25. Nxc5 Qxc5 26. a4 Rfe8 27. Ra1 Re7 28. a5 Nc8 29. Ba3 Qc7 30. Bxe7 Qxe7 1-0


[Site "https://www.chess.com"]

[Event "Titled Tuesday Blitz September 27 Early 2022"]
[White "Mouhamad, Joachim"]
[Black "Vagman, Roy"]
[WhiteFideId "656410"]
[BlackFideId "2828995"]
[WhiteElo "2147"]
[BlackElo "1945"]
[Result "0-1"]
[Round "10"]
[TimeControl "180+1"]
[Date "2022.09.27"]
[WhiteClock "0:00:02"]
[BlackClock "0:00:03"]

1. e4 c5 2. d4 cxd4 3. c3 dxc3 4. Nxc3 Nc6 5. Nf3 d6 6. Bc4 Nf6 7. O-O e6 8. Re1 Be7 9. a3 O-O 10. h3 a6 11. Ba2 b5 12. Bf4 Bb7 13. Qd2 Qc7 14. Rac1 Rad8 15. Nd5 Qb8 16. Nxe7+ Nxe7 17. Bb1 Ng6 18. Bg3 Rd7 19. Nd4 Ne5 20. b3 Rfd8 21. Bh4 Ng6 22. Bg3 h6 23. Nc6 Bxc6 24. Rxc6 Ne5 25. Rcc1 Ng6 26. b4 Qb7 27. Kh2 Ne5 28. f3 Nc4 29. Qd3 g6 30. Qd4 e5 31. Qd3 g5 32. Ba2 Nb6 33. h4 Kg7 34. Qe3 Kg6 35. Red1 Na4 36. Be1 g4 37. Bd2 Rh8 38. Kg1 Rc7 39. Rxc7 Qxc7 40. Rc1 Qd7 41. f4 exf4 42. Qxf4 Nh5 43. Qe3 Qe7 44. Bb1 Qe5 45. Rd1 Rh7 46. Be1 Nb2 47. Rd5 Nc4 48. Qf2 Qe6 49. e5+ Kg7 50. Rxd6 Nxd6 51. exd6 Rh8 52. Bc3+ Nf6 53. Ba2 Qxd6 54. Qg3 Qxg3 0-1


[Site "https://www.chess.com"]

[Event "Titled Tuesday Blitz September 27 Early 2022"]
[White "Murtazin, Ruslan"]
[Black "Papp, Levente"]
[WhiteFideId "24175960"]
[BlackFideId "751243"]
[WhiteElo "2212"]
[BlackElo "2341"]
[Result "1/2-1/2"]
[Round "10"]
[TimeControl "180+1"]
[Date "2022.09.27"]
[WhiteClock "0:00:01"]
[BlackClock "0:00:05"]

1. e4 e6 2. Nf3 d5 3. Nc3 Nf6 4. e5 Nfd7 5. d4 c5 6. dxc5 Nc6 7. Bf4 Bxc5 8. Bd3 h6 9. h4 Qb6 10. Qd2 Qxb2 11. Rb1 Qa3 12. Nb5 Qxa2 13. O-O Qa5 14. Qxa5 Nxa5 15. Nc7+ Kd8 16. Nxa8 b6 17. Bd2 Nc6 18. Rfe1 Bb7 19. Nxb6 axb6 20. Ra1 Ke7 21. Bb5 Rb8 22. Ra2 Nd4 23. Nxd4 Bxd4 24. Bb4+ Bc5 25. Bxc5+ Nxc5 26. Ra7 Kd8 27. f3 Kc7 28. Kf2 Rd8 29. Ke3 d4+ 30. Kd2 f6 31. Bc4 f5 32. g4 fxg4 33. fxg4 Rf8 34. Rf1 Rxf1 35. Bxf1 Kb8 36. Ra1 g5 37. hxg5 hxg5 38. Be2 Kc7 39. Rf1 Ne4+ 40. Kd3 Ng3 41. Rf7+ Kb8 42. Bd1 Bd5 43. Kxd4 Ne4 44. c4 Bc6 45. Re7 Nc5 46. Bc2 Bf3 47. Rg7 Bxg4 48. Rxg5 Bf3 49. Rg7 Bc6 50. Re7 Bd7 51. Bg6 Kc7 52. Rh7 Kd8 53. Rh8+ Kc7 54. Bf7 Bc6 55. Be8 Bb7 56. Rh7+ Kd8 57. Bf7 Bc6 58. Bg8 Bd7 59. Bf7 Bc6 60. Bg6 Bd7 61. Be4 Kc7 62. Bf3 Kd8 63. Kc3 Kc8 64. Kd4 Kd8 65. Ke3 Kc8 66. Be2 Kd8 67. Kf4 Kc8 68. Kg5 Ne4+ 69. Kf4 Nc5 70. Rh4 Kd8 71. Kg5 Kc7 72. Kf6 Na4 73. Ke7 Nc3 74. Bf3 Na4 75. Rh7 Nc5 76. Bg4 b5 77. cxb5 Kb6 78. Kf6 Bxb5 79. Bxe6 Bc4 80. Bxc4 Kc6 1/2-1/2


[Site "https://www.chess.com"]

[Event "Titled Tuesday Blitz September 27 Early 2022"]
[White "Neal, James"]
[Black "Dilmukhametov, Artur"]
[WhiteFideId "2089300"]
[BlackFideId "24179922"]
[WhiteElo "2059"]
[BlackElo "2206"]
[Result "1-0"]
[Round "10"]
[TimeControl "180+1"]
[Date "2022.09.27"]
[WhiteClock "0:01:01"]
[BlackClock "0:00:45"]

1. e4 e6 2. d4 d5 3. Nc3 Bb4 4. exd5 exd5 5. Bd3 Ne7 6. Ne2 c6 7. Ng3 Bg4 8. f3 Bh5 9. Nxh5 Kf8 10. O-O Qc7 11. Bf4 Bd6 12. Ne2 Ng6 13. Bxd6+ Qxd6 14. Neg3 Nd7 15. Nxg7 Rg8 16. N7f5 Qf6 17. Qd2 Re8 18. Qh6+ Rg7 19. Nh5 Rd8 20. Nxf6 Nxf6 1-0


[Site "https://www.chess.com"]

[Event "Titled Tuesday Blitz September 27 Early 2022"]
[White "Niekras, Dawid"]
[Black "Levitan, Caleb Levi"]
[WhiteFideId "1160451"]
[BlackFideId "14332620"]
[WhiteElo "2296"]
[BlackElo "1811"]
[Result "1-0"]
[Round "10"]
[TimeControl "180+1"]
[Date "2022.09.27"]
[WhiteClock "0:00:33"]
[BlackClock "0:00:05"]

1. e4 c5 2. Nf3 e6 3. d4 cxd4 4. Nxd4 a6 5. Bd3 Bc5 6. Nb3 Ba7 7. Qg4 Nf6 8. Qg3 Nc6 9. Nc3 d6 10. Bg5 h6 11. Bd2 b5 12. O-O-O e5 13. Qxg7 Rg8 14. Qxh6 Ng4 15. Qh7 Rf8 16. Nd5 Be6 17. Qg7 Nxf2 18. Nf6+ Ke7 19. Bg5 Nxd3+ 20. Rxd3 Nd4 21. Nd5+ Kd7 22. Bxd8 Raxd8 23. Nxd4 Bxd4 24. Rxd4 exd4 25. Qxd4 Rg8 26. Qa7+ Kc6 27. Qc7# 1-0


[Site "https://www.chess.com"]

[Event "Titled Tuesday Blitz September 27 Early 2022"]
[White "Nigmatov, Ortik"]
[Black "Timofeev, Artyom"]
[WhiteFideId "14202131"]
[BlackFideId "4140419"]
[WhiteElo "2378"]
[BlackElo "2579"]
[Result "0-1"]
[Round "10"]
[TimeControl "180+1"]
[Date "2022.09.27"]
[WhiteClock "0:00:29"]
[BlackClock "0:00:22"]

1. e4 c6 2. d4 d5 3. e5 Bf5 4. Nf3 e6 5. Be2 h6 6. O-O Ne7 7. a4 Nd7 8. a5 a6 9. b4 Ng6 10. c3 f6 11. Bd3 Bxd3 12. Qxd3 Kf7 13. Re1 Qc7 14. exf6 gxf6 15. Ra2 Re8 16. Rae2 Bd6 17. h4 h5 18. Bg5 Ndf8 19. Bd2 e5 20. dxe5 Nxe5 21. Nxe5+ Rxe5 22. Rxe5 Bxe5 23. c4 Qd7 24. Nc3 Ng6 25. cxd5 Rd8 26. Qf3 Qg4 27. Qxg4 hxg4 28. h5 Ne7 29. Re4 Nxd5 30. Nxd5 Rxd5 31. Be1 f5 32. Rc4 Kf6 33. Kf1 Kg5 34. Bc3 Bxc3 35. Rxc3 Kxh5 36. Rc4 Kg5 37. g3 Kf6 38. Ke2 Ke5 39. Ke3 Rb5 40. Kd3 Ke6 41. Ke3 Kf6 42. Kd3 Re5 43. Rf4 Ke6 44. Rc4 Kd6 45. Rf4 c5 46. bxc5+ Kxc5 47. Rc4+ Kd6 48. Rb4 Rb5 49. Rd4+ Rd5 50. Kc4 Rxd4+ 51. Kxd4 b5 52. axb6 Kc6 53. Ke5 a5 54. Kxf5 a4 55. b7 Kxb7 56. Kxg4 a3 57. f4 a2 58. Kf5 a1=Q 59. g4 Qg7 60. g5 Kc6 61. g6 Kd6 62. Kg5 Ke6 63. f5+ Ke5 64. Kh5 Kxf5 65. Kh4 Qxg6 66. Kh3 Kf4 67. Kh2 Kf3 68. Kh1 Qg2# 0-1


[Site "https://www.chess.com"]

[Event "Titled Tuesday Blitz September 27 Early 2022"]
[White "Nord, Alexander"]
[Black "White, John S."]
[WhiteFideId "1738135"]
[BlackFideId "2502348"]
[WhiteElo "1968"]
[BlackElo "1840"]
[Result "1-0"]
[Round "10"]
[TimeControl "180+1"]
[Date "2022.09.27"]
[WhiteClock "0:00:45"]
[BlackClock "0:00:59"]

1. c4 Nf6 2. Nc3 g6 3. Nf3 Bg7 4. g3 d5 5. cxd5 Nxd5 6. Bg2 Nxc3 7. bxc3 Nc6 8. Rb1 b6 9. h4 Bb7 10. h5 Ne5 11. hxg6 hxg6 12. Rxh8+ Bxh8 13. Qa4+ Bc6 14. Qh4 Bf6 15. Qh7 Nxf3+ 16. exf3 Kd7 17. Bh3+ e6 18. Qxf7+ Qe7 19. Bxe6+ Kd8 20. Qxe7+ Kxe7 21. Bg4 Re8 22. d4 Kf7+ 23. Be3 Ba4 24. Kd2 c5 25. d5 Rd8 26. Be6+ Ke7 27. c4 Bd7 28. Bxd7 Rxd7 29. Rh1 Kd6 30. Bf4+ Be5 31. Bxe5+ Kxe5 32. Kd3 b5 33. Rh8 bxc4+ 34. Kxc4 a5 35. Re8+ Kf6 36. Kxc5 Rc7+ 37. Kb6 Rd7 38. Kc6 Rh7 39. d6 Ra7 40. d7 Ra6+ 41. Kb5 Rc6 1-0


[Site "https://www.chess.com"]